 Dungeon Crawl Stone Soup version 0.17.1-1-g73c8601 (console) character file.

109065 Cab the Lord of Darkness (level 16, -16/127 HPs)
             Began as a Deep Dwarf Necromancer on Dec 22, 2015.
             Was the Champion of Kikubaaqudgha.
             Killed from afar by a frost giant (55 damage)
             ... with a bolt of cold
             ... on level 10 of the Dungeon.
             The game lasted 04:35:01 (35603 turns).

Cab the Lord of Darkness (Deep Dwarf Necromancer)  Turns: 35603, Time: 04:35:01

Health: -16/127    AC: 12    Str: 17    XL:     16   Next: 4%
Magic:  33/38      EV: 11    Int: 25    God:    Kikubaaqudgha [******]
Gold:   2230       SH:  0    Dex: 13    Spells: 9 memorised, 0 levels left

rFire  + + .     SeeInvis .     C - +7 great mace {inner flame, rF++}
rCold  . . .     Clarity  .     B - +1 ring mail of the Soldier {rN+ MR+ Int+7}
rNeg   + + .     SustAt   .     (shield currently unavailable)
rPois  +         Gourm    +     l - +2 hat {MR+}
rElec  .         Spirit   .     G - +1 cloak {rPois}
rCorr  .         Warding  .     (no gloves)
rMut   .         Stasis   .     a - +0 pair of boots
MR     +++++                    Y - amulet of the gourmand
Stlth  +.........               v - ring of protection from magic
                                m - ring of magical power

@: non-regenerating, almost entirely resistant to hostile enchantments, very
unstealthy
A: damage resistance, recharge devices, negative energy resistance 1, sense
surroundings 2, slow regeneration 3
a: Device Recharging, Receive Corpses, Torment, Brand Weapon With Pain, Receive
Necronomicon, Renounce Religion


You were on level 10 of the Dungeon.
You worshipped Kikubaaqudgha.
Kikubaaqudgha was exalted by your worship.
You were not hungry.

You visited 5 branches of the dungeon, and saw 30 of its levels.
You also visited: Ice Cave.

You collected 2652 gold pieces.
You spent 422 gold pieces at shops.

Inventory:

Hand Weapons
 o - a +2 dagger of pain
 x - the +1 quick blade "Xoble" {elec, rF+ Str+3 Dex+3 Stlth-}
   (You acquired it on level 7 of the Dungeon)

   Occasionally, upon striking a foe, it will discharge some electrical energy
   and cause terrible harm.
   It affects your strength (+3).
   It affects your dexterity (+3).
   It protects you from fire.
   It makes you less stealthy.
 C - the +7 great mace "Firestarter" (weapon) {inner flame, rF++}
   (You found it on level 6 of the Lair of Beasts)

   It has been specially enchanted to burn those struck by it, causing extra
   injury to most foes and up to half again as much damage against particularly
   susceptible opponents.
   It greatly protects you from fire.
Armour
 a - a +0 pair of boots (worn)
 l - a +2 hat of magic resistance (worn)
 B - the +1 ring mail of the Soldier (worn) {rN+ MR+ Int+7}
   (You found it on level 5 of the Dungeon)

   It affects your intelligence (+7).
   It protects you from negative energy.
   It affects your resistance to hostile enchantments.
 G - a +1 cloak of poison resistance (worn)
Jewellery
 g - a +2 ring of dexterity {unknown}
 j - an uncursed amulet of resist corrosion
 m - a ring of magical power (left hand)
 v - a ring of protection from magic (right hand)
 w - an uncursed amulet of stasis
 F - an uncursed ring of protection from magic
 H - an uncursed ring of protection from fire
 J - an uncursed ring of see invisible
 Y - an amulet of the gourmand (around neck)
Wands
 c - a wand of heal wounds (2)
 s - a wand of lightning (0)
Scrolls
 b - a scroll of vulnerability {unknown}
 t - 18 scrolls of remove curse
 u - 4 scrolls of amnesia
 A - 4 scrolls of enchant weapon
 K - a scroll of silence
 P - 3 scrolls of enchant armour
 X - 2 scrolls of magic mapping
Potions
 h - a potion of heal wounds
 r - 4 potions of flight
 L - 7 potions of brilliance
 Q - 2 potions of cancellation
 S - 2 potions of resistance
 U - 4 potions of curing
 W - a potion of magic
Books
 p - a book of Battle

   Spells                             Type                      Level
   a - Infusion                       Charms                       1
   b - Shroud of Golubria             Charms/Translocation         2
   c - Song of Slaying                Charms                       2
   d - Spectral Weapon                Hexes/Charms                 3
   e - Regeneration                   Charms/Necromancy            3
 D - Kikubaaqudgha's Reference Book on Stolen Souls
   (Kikubaaqudgha gifted it to you on level 8 of the Dungeon)

   Spells                             Type                      Level
   a - Pain                           Necromancy                   1
   b - Corpse Rot                     Necromancy                   2
   c - Sublimation of Blood           Necromancy                   2
   d - Vampiric Draining              Necromancy                   3
   e - Control Undead                 Necromancy                   4
 O - a book of Enchantments

   Spells                             Type                      Level
   a - Cause Fear                     Hexes                        4
   b - Silence                        Hexes/Air                    5
   c - Deflect Missiles               Charms/Air                   6
   d - Haste                          Charms                       6
   e - Discord                        Hexes                        8
 T - a book of Alchemy

   Spells                             Type                      Level
   a - Sublimation of Blood           Necromancy                   2
   b - Ignite Poison                  Fire/Transmutation/Poison    3
   c - Alistair's Intoxication        Transmutation/Poison         4
   d - Condensation Shield            Ice                          4
   e - Petrify                        Transmutation/Earth          4
   f - Irradiate                      Conjuration/Transmutation    5
 V - a book of Flames

   Spells                             Type                      Level
   a - Flame Tongue                   Conjuration/Fire             1
   b - Throw Flame                    Conjuration/Fire             2
   c - Conjure Flame                  Conjuration/Fire             3
   d - Inner Flame                    Hexes/Fire                   3
   e - Sticky Flame                   Conjuration/Fire             4
   f - Fireball                       Conjuration/Fire             5
Comestibles
 d - 5 bread rations
 f - 9 meat rations
 k - 3 fruits
 I - a royal jelly
 R - 4 beef jerkies


   Skills:
 - Level 4.1 Fighting
 - Level 5.8 Maces & Flails
 + Level 4.9 Armour
 - Level 2.1 Dodging
 - Level 2.4 Stealth
   Level 0.2 Shields
 - Level 11.2 Spellcasting
 * Level 7.7 Charms
 - Level 21.0 Necromancy
 + Level 0.9 Translocations
 - Level 9.8 Ice Magic


You couldn't memorise any spells.
You knew the following spells:

 Your Spells              Type           Power        Failure   Level  Hunger
a - Pain                  Necr           ####         0%          1    None
b - Vampiric Draining     Necr           #######...   0%          3    None
c - Control Undead        Necr           #######...   0%          4    None
d - Agony                 Necr           #######.     1%          5    ###....
e - Simulacrum            Ice/Necr       ######....   1%          6    #####..
f - Haste                 Chrm           ######..     50%         6    #####..
g - Dispel Undead         Necr           #######.     1%          5    ###....
h - Shroud of Golubria    Chrm/Tloc      #####.....   1%          2    None
i - Cigotuvi's Embrace    Necr           #######...   1%          5    ###....


Dungeon Overview and Level Annotations

Branches:
Dungeon (14/15)            Temple (1/1) D:7            Lair (8/8) D:10
  Swamp (3/4) Lair:3        Snake (0/4) Lair:4        Slime (0/6) Lair:8
    Orc (4/4) D:12            Elf (0/3) Orc:4        Vaults (0/5) D:13

Altars:
Ashenzari
Cheibriados
Dithmenos
Elyvilon
Fedhas
Gozag
Kikubaaqudgha
Makhleb
Nemelex Xobeh
Okawaru
Qazlal
Ru
Sif Muna
Trog
Vehumet
Xom
Yredelemnul
Zin
The Shining One

Shops:
D:6 ?   D:13 *   Orc:1 !   Orc:2 }   Orc:4 ((((

Annotations:
D:2 Sigmund
D:7 exclusion: oklob plant
Lair:8 exclusion: 3 oklob plants


Innate Abilities, Weirdness & Mutations

You are resistant to damage.
You can recharge devices by infusing magical energy.
You resist negative energy.
You passively map the area around you.
You do not regenerate naturally.


Message History

You are engulfed in roaring flames.
You resist.
* * * LOW HITPOINT WARNING * * *
Evoke which item? (* to show all) (? for menu, Esc to quit)
Zapping:
c - a wand of heal wounds (3)
Press: ? - help, Shift-Dir - straight line, f - you You feel much better.
This wand has 2 charges left.
You are engulfed in roaring flames.
You resist.
Casting: Vampiric Draining
Confirm with . or Enter, or press ? or * to list all spells.
Aiming: Agony
Press: ? - help, Shift-Dir - straight line, f - frost giant
Aim: a frost giant, wielding a battleaxe of freezing (chance to defeat MR: 81%)
The frost giant convulses in agony!
You are engulfed in roaring flames.
You resist.
The frost giant gestures at you while chanting.
You hear a sizzling sound!
The frost giant points at you and mumbles some strange words.
The bolt of cold hits you!
You die...
Kikubaaqudgha rasps: "You have failed me!
Welcome... death!" · · ∙∙∙▒∙∙∙∙∙∙∙∙∙∙∙ ··· ▒∙▒∙∙∙∙∙∙∙∙∙∙∙ · ··· ·· ∙[∙∙∙∙∙∙∙∙O∙∙

░ ·· ░ ▒Y∙∙∙∙∙∙∙∙∙∙
· · ·░ ▒∙∙∙∙∙∙∙∙∙∙∙
· · · ▒∙∙FO∙∙∙∙∙∙∙ ·
░ ░ ▒#▒ ░ · · ▒#▒▒▒
░ ░ · ▒#@∙▒▒ ·
▒▒▒C∙▒ · · ··░
▒▒▒▒'▒▒▒▒▒▒ ▒▒▒▒▒■ ·
· ░
▒∙∙∙∙∙∙∙∙∙▒▒▒▒∙∙∙∙∙
░·
■∙∙∙∙∙∙∙∙∙▒∙∙■∙∙∙∙∙
· ·
▒∙∙∙∙▒▒▒▒∙∙∙∙∙▒▒▒▒∙
· · ░
░▒∙∙∙C▒▒∙∙∙∙∙∙∙∙∙▒▒)
· ·
▒∙∙∙∙▒∙∙P∙∙∙∙∙P∙∙▒∙
· ·■ ░
▒∙∙∙∙∙∙∙∙∙∙∙∙∙∙P∙∙∙


You could see a frost giant, a yak, an ogre and a giant frog.

Vanquished Creatures
  Rupert (Lair:3)
  Gastronok (D:12)
  Frances (Swamp:2)
  Donald (D:13)
  Maud (Lair:3)
  Louise (Swamp:1)
  The ghost of Clownie the Peltast, a journeyman FoFi of the Shining One (D:12)
  An ice dragon (Orc:4)
  Harold (Lair:3)
  7 hydras
  An ogre mage (Orc:4)
  Erica (D:8)
  A centaur warrior (D:8)
  A queen ant (Lair:2)
  4 alligators
  Nergalle (Orc:2)
  A deep troll (Orc:4)
  4 lindwurms (Lair:6)
  4 swamp dragons
  7 hill giants
  Pikel (D:4)
  A griffon (Lair:7)
  13 elephants
  A wolf spider (D:8)
  4 ugly things
  A manticore (D:13)
  A cyclops (Orc:4)
  9 black mambas
  22 spiny frogs
  10 trolls
  An efreet (D:13)
  6 fire drakes
  3 two-headed ogres (Orc:4)
  2 freezing wraiths
  7 giant leeches
  A polar bear (shapeshifter) (D:13)
  3 polar bears
  8 komodo dragons
  4 bog bodies (Swamp:1)
  17 blink frogs
  2 slime creatures (Swamp:2)
  A boulder beetle (Lair:6)
  A trapdoor spider (shapeshifter) (D:14)
  41 yaks
  A shadow (Swamp:2)
  A deep elf mage (D:12)
  2 hungry ghosts (D:8)
  4 basilisks
  13 humans (D:13)
  2 wyverns
  11 hippogriffs
  A deep elf fighter (D:13)
  5 swamp worms
  17 vampire mosquitoes
  A steam dragon (D:12)
  5 soldier ants (Lair:2)
  5 insubstantial wisps (Swamp:1)
  A warg (Orc:2)
  16 wolves
  A mottled dragon (D:12)
  21 water moccasins
  Duvessa (D:5)
  17 orc warriors
  2 swamp drakes
  8 porcupines
  An ice beast (D:8)
  16 ogres
  5 sky beasts
  4 black bears
  2 wasps (Swamp:1)
  A big kobold (D:9)
  3 centaurs
  23 crocodiles
  15 giant frogs
  Dowan (D:5)
  A water moccasin zombie (D:10)
  A scorpion (D:7)
  9 killer bees
  3 crimson imps
  3 wights (D:7)
  A giant frog zombie (D:5)
  22 orc priests
  4 jellies
  22 orc wizards
  4 hounds
  11 iguanas
  2 quasits
  2 centaur skeletons
  Jessica (D:2)
  12 worker ants
  6 hell rats (Lair:6)
  2 sheep
  A hound skeleton (D:7)
  4 worker ant zombies
  5 adders
  10 gnolls
  45 river rats
  2 shadow imps (D:8)
  A white imp (D:10)
  An ooze (D:2)
  A worm (D:4)
  2 adder skeletons
  154 orcs
  8 bats
  9 goblins
  3 hobgoblins
  5 jackals
  8 kobolds
  3 quokkas
  A ball python (Lair:4)
  6 giant cockroaches
  3 giant geckos
  A giant gecko skeleton (D:4)
  5 giant newts
  12 rats
  2 plants
  A toadstool (D:7)
806 creatures vanquished.

Vanquished Creatures (collateral kills)
  Norris (D:13)
  Josephine (Lair:5)
  The ghost of grizfap the Nimble, a journeyman DrBe of Trog (Lair:1)
  5 hydras
  A catoblepas (Lair:7)
  2 alligators (Swamp:1)
  An ogre mage (Orc:4)
  4 skeletal warriors (D:12)
  A swamp dragon (Swamp:2)
  A deep troll (Orc:4)
  A shambling mangrove (Swamp:1)
  A griffon (Lair:8)
  3 elephants (Lair:4)
  2 cyclopes
  A torpor snail (Lair:8)
  14 spiny frogs
  4 black mambas
  4 komodo dragons
  7 blink frogs (Lair:8)
  4 giant leeches
  2 trolls (Orc:4)
  4 slime creatures (Swamp:2)
  3 two-headed ogres (Orc:4)
  3 wraiths (Lair:5)
  2 spriggans (Swamp:1)
  14 yaks
  A basilisk (Lair:6)
  3 humans (D:13)
  A warg (Orc:4)
  A hippogriff (Lair:4)
  7 vampire mosquitoes
  6 water moccasins
  6 swamp worms (Swamp:1)
  5 insubstantial wisps (Swamp:2)
  3 orc warriors
  An ice beast (D:12)
  4 wasps (Swamp:1)
  A sky beast (D:8)
  A phantom (D:13)
  A porcupine (Lair:7)
  10 ogres
  8 crocodiles
  12 giant frogs
  A gnoll sergeant (D:11)
  3 electric eels (Lair:8)
  A wight (D:7)
  A gnoll shaman (D:7)
  2 orc priests
  A jelly (D:11)
  2 iguanas
  A hell rat (Lair:6)
  9 sheep
  A hound zombie (D:8)
  7 gnolls
  21 river rats
  4 adders
  14 orcs
  2 ball pythons (Lair:4)
  12 fungi
  13 plants
253 creatures vanquished.

Vanquished Creatures (others)
  A gargoyle (D:12)
  2 wolves (IceCv)
  2 slaves (D:4)
  A hound (D:4)
  An adder (D:4)
  2 briar patches (Swamp:3)
  36 fungi
  17 plants
  6 toadstools (D:7)
68 creatures vanquished.

Grand Total: 1127 creatures vanquished

Notes
Turn   | Place    | Note
--------------------------------------------------------------
     0 | D:1      | Cab the Deep Dwarf Necromancer began the quest for the Orb.
     0 | D:1      | Reached XP level 1. HP: 15/15 MP: 3/3
   202 | D:1      | Reached XP level 2. HP: 22/22 MP: 2/4
   214 | D:1      | Reached skill level 5 in Necromancy
   852 | D:2      | Reached XP level 3. HP: 28/28 MP: 3/5
   857 | D:2      | Learned a level 3 spell: Vampiric Draining
  1283 | D:2      | Noticed Sigmund
  1501 | D:2      | Found a faded altar to an unknown god.
  1626 | D:2      | Noticed Jessica
  1631 | D:2      | Killed Jessica
  1631 | D:2      | Reached skill level 6 in Necromancy
  1631 | D:2      | Reached XP level 4. HP: 14/36 MP: 6/6
  2301 | D:3      | Found a glowing silver altar of Zin.
  2539 | D:3      | Reached skill level 7 in Necromancy
  2539 | D:3      | Reached XP level 5. HP: 39/42 MP: 3/7
  2855 | D:4      | Noticed Pikel
  2856 | D:4      | Noticed a slave
  2856 | D:4      | Noticed a slave
  2871 | D:4      | Noticed a slave
  2872 | D:4      | Noticed a slave
  2876 | D:4      | Killed Pikel
  2876 | D:4      | Reached skill level 9 in Necromancy
  2876 | D:4      | Reached XP level 6. HP: 38/49 MP: 0/8
  2876 | D:4      | Reached XP level 7. HP: 42/55 MP: 0/9
  2940 | D:4      | Killed a freed slave
  3155 | D:4      | Noticed a phantom
  3217 | D:4      | Killed a freed slave
  3297 | D:4      | Noticed a sky beast
  3304 | D:4      | Killed a sky beast
  3304 | D:4      | Reached skill level 10 in Necromancy
  3331 | D:5      | Entered Level 5 of the Dungeon
  3408 | D:5      | Noticed Duvessa
  3409 | D:5      | Noticed Dowan
  3416 | D:5      | Killed Duvessa
  3434 | D:5      | Killed Dowan
  3434 | D:5      | Reached XP level 8. HP: 22/62 MP: 0/10
  3564 | D:5      | Found a stormy altar of Qazlal.
  3566 | D:5      | Noticed a water elemental
  3567 | D:5      | Noticed an air elemental
  3567 | D:5      | Noticed a fire elemental
  3715 | D:5      | Got a jewelled ring mail
  3721 | D:5      | Learned a level 4 spell: Control Undead
  3731 | D:5      | Identified the +1 ring mail of the Soldier {rN+ MR+ Int+7} (You found it on level 5 of the Dungeon)
  3937 | D:5      | Reached skill level 11 in Necromancy
  4079 | D:6      | Found a radiant altar of Vehumet.
  4154 | D:6      | Found Miaroj's Magic Scroll Boutique.
  4282 | D:6      | Bought a scroll of recharging for 123 gold pieces
  4453 | D:6      | Found a shadowy altar of Dithmenos.
  4646 | D:6      | Got a faintly humming ring mail
  4657 | D:6      | Identified the +3 ring mail of Xom's Supremacy {Stlth+} (You found it on level 6 of the Dungeon)
  4737 | D:7      | Reached skill level 12 in Necromancy
  4763 | D:7      | Found a blossoming altar of Fedhas.
  4776 | D:7      | Noticed an oklob plant
  4856 | D:7      | Identified a scroll of acquirement
  4857 | D:7      | Got a polished quick blade
  4858 | D:7      | Identified the +1 quick blade "Xoble" {elec, rF+ Str+3 Dex+3 Stlth-} (You acquired it on level 7 of the Dungeon)
  4915 | D:7      | Found a staircase to the Ecumenical Temple.
  4926 | Temple   | Entered the Ecumenical Temple
  4969 | Temple   | Became a worshipper of Kikubaaqudgha
  5229 | D:7      | Found a shimmering altar of Xom.
  6197 | D:8      | Reached skill level 13 in Necromancy
  6202 | D:8      | Gained mutation: You passively map the area around you. [Deep Dwarf growth]
  6202 | D:8      | Reached XP level 9. HP: 59/68 MP: 11/11
  6203 | D:8      | Found a sparkling altar of Nemelex Xobeh.
  6354 | D:8      | Found an iron altar of Okawaru.
  6655 | D:8      | Noticed a troll
  6679 | D:8      | Reached * piety under Kikubaaqudgha
  6679 | D:8      | Received a gift from Kikubaaqudgha
  6694 | D:8      | Killed a troll
  6694 | D:8      | Reached skill level 14 in Necromancy
  6703 | D:8      | Identified Kikubaaqudgha's Reference Book on Stolen Souls (Kikubaaqudgha gifted it to you on level 8 of the Dungeon)
  6817 | D:8      | Found a bloodstained altar of Trog.
  6817 | D:8      | Found a blossoming altar of Fedhas.
  6818 | D:8      | Noticed a wolf spider
  6834 | D:8      | Killed a wolf spider
  6895 | D:8      | Noticed a centaur warrior
  6940 | D:8      | Killed a centaur warrior
  6940 | D:8      | Reached skill level 15 in Necromancy
  7139 | D:8      | Reached XP level 10. HP: 31/75 MP: 11/12
  7192 | D:8      | Noticed Erica
  7202 | D:8      | Killed Erica
  7454 | D:8      | Noticed a freezing wraith
  7508 | D:8      | Killed a freezing wraith
  7508 | D:8      | Reached skill level 16 in Necromancy
  8110 | D:9      | Found a bloodstained altar of Trog.
  8248 | D:9      | Reached ** piety under Kikubaaqudgha
  8440 | D:9      | Found a blossoming altar of Fedhas.
  8566 | D:10     | Entered Level 10 of the Dungeon
  8575 | D:10     | Reached skill level 17 in Necromancy
  8602 | D:10     | Noticed a frost giant
  8646 | D:10     | Found a stormy altar of Qazlal.
  8828 | D:11     | Noticed a hill giant
  8887 | D:11     | Noticed a white ugly thing
  9121 | D:10     | Noticed an elephant
  9137 | D:10     | Killed an elephant
  9137 | D:10     | Reached XP level 11. HP: 74/81 MP: 10/17
  9228 | D:10     | Found a staircase to the Lair.
  9443 | Lair:1   | Entered Level 1 of the Lair of Beasts
  9496 | Lair:1   | Reached skill level 5 in Spellcasting
  9497 | Lair:1   | Noticed a six-headed hydra
  9511 | Lair:1   | Killed a six-headed hydra
  9758 | Lair:1   | Noticed grizfap's ghost (journeyman DrBe)
 10204 | Lair:2   | Reached *** piety under Kikubaaqudgha
 10204 | Lair:2   | Received a gift from Kikubaaqudgha
 10231 | Lair:2   | Identified Kikubaaqudgha's Catalogue of Evil Arts (Kikubaaqudgha gifted it to you on level 2 of the Lair of Beasts)
 10369 | Lair:2   | Learned a level 5 spell: Agony
 10376 | Lair:2   | Learned a level 6 spell: Simulacrum
 10418 | Lair:2   | Noticed a seven-headed hydra
 10434 | Lair:2   | Reached skill level 1 in Ice Magic
 10644 | Lair:2   | Killed a seven-headed hydra
 11183 | Lair:2   | Reached skill level 5 in Ice Magic
 11515 | Lair:2   | Reached XP level 12. HP: 73/88 MP: 16/23
 11751 | Lair:2   | Noticed a queen ant
 11757 | Lair:2   | Killed a queen ant
 12401 | Lair:2   | Noticed a seven-headed hydra
 12407 | Lair:2   | Killed a seven-headed hydra
 12589 | Lair:3   | Reached **** piety under Kikubaaqudgha
 12673 | Lair:3   | Noticed a seven-headed hydra
 12684 | Lair:3   | Killed a seven-headed hydra
 12798 | Lair:3   | Noticed Maud
 12806 | Lair:3   | Killed Maud
 12932 | Lair:3   | Noticed Harold
 12963 | Lair:3   | Noticed Rupert
 13040 | Lair:3   | Found a staircase to the Swamp.
 13746 | Lair:3   | Killed Rupert
 13864 | Lair:3   | Reached skill level 1 in Armour
 14181 | Lair:4   | Found a staircase to the Snake Pit.
 14470 | Lair:4   | Reached XP level 13. HP: 74/105 MP: 7/24
 14686 | Lair:4   | Reached ***** piety under Kikubaaqudgha
 16440 | Lair:5   | Noticed Josephine
 16449 | Lair:5   | Killed Josephine
 16449 | Lair:5   | Reached skill level 18 in Necromancy
 16991 | Lair:5   | You fall through a shaft for 3 floors!
 16991 | Lair:8   | Entered Level 8 of the Lair of Beasts
 17164 | Lair:7   | Reached ****** piety under Kikubaaqudgha
 19612 | Lair:7   | Gained mutation: You resist negative energy. [Deep Dwarf growth]
 19612 | Lair:7   | Reached XP level 14. HP: 97/114 MP: 18/27
 19759 | Lair:7   | Reached skill level 19 in Necromancy
 21144 | Lair:8   | Found a staircase to the Slime Pits.
 21161 | Lair:8   | Reached skill level 10 in Spellcasting
 22870 | D:11     | Killed a hill giant
 22874 | D:11     | Killed a white ugly thing
 23128 | D:11     | Reached skill level 1 in Maces & Flails
 23297 | D:11     | Noticed a cyan ugly thing
 23321 | D:11     | Killed a cyan ugly thing
 23321 | D:11     | Reached skill level 20 in Necromancy
 23439 | D:11     | Noticed a six-headed hydra
 23460 | D:11     | Killed a six-headed hydra
 23835 | D:11     | Noticed a white ugly thing
 23842 | D:11     | Killed a white ugly thing
 24070 | D:12     | Noticed Clownie's ghost (journeyman FoFi)
 24178 | D:12     | Killed Clownie's ghost
 24257 | D:12     | Noticed Gastronok
 24286 | D:12     | Killed Gastronok
 24801 | D:12     | Found a staircase to the Orcish Mines.
 25056 | Orc:1    | Entered Level 1 of the Orcish Mines
 25309 | Orc:1    | Found Nuemonwo's Distillery.
 25322 | Orc:1    | Bought a potion of heal wounds for 65 gold pieces
 25322 | Orc:1    | Bought a potion of curing for 39 gold pieces
 25322 | Orc:1    | Bought a potion of berserk rage for 65 gold pieces
 25322 | Orc:1    | Bought a potion of curing for 39 gold pieces
 25322 | Orc:1    | Bought a potion of brilliance for 52 gold pieces
 25322 | Orc:1    | Bought a potion of curing for 39 gold pieces
 25487 | Orc:2    | Noticed Nergalle
 25625 | Orc:2    | Killed Nergalle
 25663 | Orc:2    | Found Rojig's Gadget Emporium.
 26581 | Orc:1    | Found a bloodstained altar of Trog.
 27358 | Orc:4    | Entered Level 4 of the Orcish Mines
 27584 | Orc:4    | Found a staircase to the Elven Halls.
 27933 | Orc:4    | Found a frozen archway.
 27942 | Orc:4    | Reached XP level 15. HP: 83/120 MP: 21/29
 27987 | IceCv    | Entered an ice cave
 28450 | Orc:4    | Found Itwumac's Antique Weapon Emporium.
 28888 | Orc:4    | Found Plog's Weapon Emporium.
 28894 | Orc:4    | Found Viym's Antique Weapon Boutique.
 29276 | Orc:4    | Found Bezygit's Weapon Shoppe.
 29683 | D:13     | Found a gate to the Vaults.
 29683 | D:13     | Noticed Donald
 29683 | D:13     | Noticed Norris
 30147 | D:13     | Killed Norris
 30360 | D:13     | Reached skill level 21 in Necromancy
 30686 | D:13     | Killed Donald
 30686 | D:13     | Reached skill level 5 in Maces & Flails
 30937 | D:13     | Found Puog's Elemental Accessories.
 31251 | D:14     | Learned a level 6 spell: Haste
 31257 | D:14     | Learned a level 5 spell: Dispel Undead
 31302 | D:14     | Reached skill level 1 in Charms
 31745 | Lair:1   | Killed grizfap's ghost
 32223 | Swamp:1  | Entered Level 1 of the Swamp
 32223 | Swamp:1  | Noticed Louise
 32268 | Swamp:1  | Killed Louise
 32726 | Swamp:1  | Reached skill level 5 in Charms
 33977 | Lair:3   | Killed Harold
 34168 | Swamp:2  | Learned a level 2 spell: Shroud of Golubria
 34183 | Swamp:2  | Noticed Frances
 34338 | Swamp:2  | Killed Frances
 34948 | Swamp:2  | Reached XP level 16. HP: 98/127 MP: 30/30
 35048 | Swamp:2  | Learned a level 5 spell: Cigotuvi's Embrace
 35603 | D:10     | Killed from afar by a frost giant

Action                   |  1- 3 |  4- 6 |  7- 9 | 10-12 | 13-15 | 16-18 || total
-------------------------+-------+-------+-------+-------+-------+-------++-------
Melee: Unarmed           |    31 |     8 |       |       |       |       ||    39
       Dagger            |       |     6 |    73 |       |   226 |       ||   305
       Quick blade       |       |       |   102 |   510 |   294 |       ||   906
       Great mace        |       |       |       |       |   289 |     7 ||   296
 Cast: Pain              |    49 |    27 |    40 |   111 |   125 |    12 ||   364
       Vampiric Draining |       |    24 |    72 |   278 |   733 |    18 ||  1125
       Control Undead    |       |       |     3 |    12 |    16 |       ||    31
       Agony             |       |       |       |    18 |   128 |     5 ||   151
       Simulacrum        |       |       |       |     2 |    49 |       ||    51
       Dispel Undead     |       |       |       |       |    19 |       ||    19
       Shroud of Golubri |       |       |       |       |     2 |     3 ||     5
 Abil: Device Recharging |       |       |       |       |     1 |     1 ||     2
Evoke: Wand              |       |     1 |     7 |    13 |    23 |     6 ||    50
  Use: Scroll            |     6 |     4 |     5 |    19 |    20 |     4 ||    58
       Potion            |       |       |     6 |     7 |     8 |     1 ||    22
 Stab: Distracted        |       |       |       |       |     1 |       ||     1
       Sleeping          |       |       |       |       |     1 |       ||     1
  Eat: Chunk             |     3 |     5 |    13 |     8 |    83 |       ||   112
       Royal jelly       |       |     1 |     2 |       |       |       ||     3
       Bread ration      |       |       |     2 |     4 |     2 |       ||     8
       Fruit             |       |       |       |    15 |     8 |       ||    23
       Meat ration       |       |       |       |     1 |       |       ||     1
       Beef jerky        |       |       |       |       |     3 |       ||     3
